TOP OF THE 1ST |
Oakland Athletics batting - Pitching for Baltimore Orioles : RHP Kyle Monroe
|
Pitching: RHP Kyle Monroe
|
|
Batting: RHB Willie Randolph
|
0-0: Ground out 4-3 (Groundball, 4, EV 89.4 MPH)
|
Batting: LHB Ruppert Jones
|
0-0: Foul Ball, location: 2F 0-1: Called Strike 0-2: Ball 1-2: Ball 2-2: Foul Ball, location: 2F 2-2: Fly out, F7 (Flyball, 7D, EV 90.6 MPH)
|
Batting: RHB Dave Henderson
|
0-0: Ground out 4-3 (Groundball, 4, EV 88.8 MPH)
|
Top of the 1st over - 0 runs, 0 hits, 0 errors, 0 left on base; Oakland 0 - Baltimore 0 |
BOTTOM OF THE 1ST |
Baltimore Orioles batting - Pitching for Oakland Athletics : RHP Sammy Stewart
|
Pitching: RHP Sammy Stewart
|
|
Batting: SHB Willie McGee
|
0-0: Ground out 6-3 (Groundball, 6, EV 100.6 MPH)
|
Batting: SHB Johnny Ray
|
0-0: Ball 1-0: Fly out, F6 (Flyball, 6MD, EV 75.6 MPH)
|
Batting: LHB Dave Parker
|
0-0: SINGLE (Groundball, 4D, EV 108.8 MPH)
|
Batting: RHB Dwight Evans
|
0-0: Called Strike 0-1: Ball 1-1: Foul Ball, location: 2F 1-2: Fielders Choice at 2nd, 6-4 (Groundball, 6, EV 100.6 MPH)
|
Bottom of the 1st over - 0 runs, 1 hit, 0 errors, 1 left on base; Oakland 0 - Baltimore 0 |
TOP OF THE 2ND |
Oakland Athletics batting - Pitching for Baltimore Orioles : RHP Kyle Monroe
|
Batting: RHB George Hendrick
|
0-0: Called Strike 0-1: Ball 1-1: Foul Ball, location: 2F 1-2: Ground out 5-3 (Groundball, 56S, EV 85.6 MPH)
|
Batting: LHB Reggie Jackson
|
0-0: Called Strike 0-1: Ball 1-1: Ball 2-1: Ball 3-1: Foul Ball, location: 2F 3-2: Foul Ball, location: 2F 3-2: Base on Balls
|
Batting: LHB Ben Oglivie
|
0-0: Grounds into double play, 4-6-3 (Groundball, 4, EV 77.5 MPH)
|
Top of the 2nd over - 0 runs, 0 hits, 0 errors, 0 left on base; Oakland 0 - Baltimore 0 |
BOTTOM OF THE 2ND |
Baltimore Orioles batting - Pitching for Oakland Athletics : RHP Sammy Stewart
|
Batting: LHB Fred Lynn
|
0-0: Ball 1-0: Foul Ball, location: 2F 1-1: Ball 2-1: Foul Ball, location: 2F 2-2: Ground out 5-3 (Groundball, 5, EV 82.5 MPH)
|
Batting: SHB Steve R Ontiveros
|
0-0: Ball 1-0: Foul Ball, location: 2F 1-1: Foul Ball, location: 2F 1-2: Ball 2-2: Fly out, F9 (Line Drive, 9D, EV 100.0 MPH)
|
Batting: RHB Matt Rice
|
0-0: Fly out, F8 (Flyball, 8RXD, EV 101.3 MPH)
|
Bottom of the 2nd over - 0 runs, 0 hits, 0 errors, 0 left on base; Oakland 0 - Baltimore 0 |
TOP OF THE 3RD |
Oakland Athletics batting - Pitching for Baltimore Orioles : RHP Kyle Monroe
|
Batting: RHB Toby Harrah
|
0-0: Ball 1-0: Foul Ball, location: 2F 1-1: Fly out, F7 (Flyball, 7S, EV 84.4 MPH)
|
Batting: RHB Earl C Williams
|
0-0: Ball 1-0: Foul Ball, location: 2F 1-1: Fly out, F8 (Flyball, 89D, EV 105.6 MPH)
|
Batting: RHB Fred Andrews
|
0-0: Ground out 6-3 (Groundball, 6MD, EV 106.9 MPH)
|
Top of the 3rd over - 0 runs, 0 hits, 0 errors, 0 left on base; Oakland 0 - Baltimore 0 |
BOTTOM OF THE 3RD |
Baltimore Orioles batting - Pitching for Oakland Athletics : RHP Sammy Stewart
|
Batting: RHB Dennis Werth
|
0-0: Ball 1-0: Called Strike 1-1: Ball 2-1: Called Strike 2-2: Foul Ball, location: 2F 2-2: Fly out, F4 (Popup, 34S, EV 68.8 MPH)
|
Batting: RHB Marty G Barrett
|
0-0: Ground out 6-3 (Groundball, 6MS, EV 66.3 MPH)
|
Batting: SHB Willie McGee
|
0-0: Fly out, F7 (Line Drive, 7, EV 92.5 MPH)
|
Bottom of the 3rd over - 0 runs, 0 hits, 0 errors, 0 left on base; Oakland 0 - Baltimore 0 |
TOP OF THE 4TH |
Oakland Athletics batting - Pitching for Baltimore Orioles : RHP Kyle Monroe
|
Batting: RHB Willie Randolph
|
0-0: Called Strike 0-1: Ground out 4-3 (Groundball, 4, EV 107.5 MPH)
|
Batting: LHB Ruppert Jones
|
0-0: Ball 1-0: Called Strike 1-1: Foul Ball, location: 2F 1-2: Ball 2-2: Ball 3-2: Foul Ball, location: 2F 3-2: Foul Ball, location: 2F 3-2: SINGLE (Flyball, 89S, EV 98.1 MPH)
|
Batting: RHB Dave Henderson
|
0-0: Foul Ball, location: 2F 0-1: Ball 1-1: Ball 2-1: Ball 3-1: SINGLE (Groundball, 6MD, EV 103.8 MPH) Ruppert Jones to second Runner from 2nd tries for 3rd, SAFE, no throw by CF
|
Batting: RHB George Hendrick
|
0-0: Ball 1-0: Called Strike 1-1: Foul Ball, location: 2F 1-2: Ground out 5-3 (Groundball, 5S, EV 72.5 MPH) Ruppert Jones scores Dave Henderson to second
|
Batting: LHB Reggie Jackson
|
0-0: Called Strike 0-1: Called Strike 0-2: Ball 1-2: Foul Ball, location: 2F 1-2: SINGLE (Groundball, 4MS, EV 74.4 MPH) (infield hit) Dave Henderson to third
|
Batting: LHB Ben Oglivie
|
0-0: Called Strike 0-1: Foul Ball, location: 2F 0-2: Foul Ball, location: 2F 0-2: Ball 1-2: Foul Ball, location: 2F 1-2: Ball 2-2: Foul Ball, location: 2F 2-2: Ball 3-2: SINGLE (Groundball, 4S, EV 60.0 MPH) (infield hit) Dave Henderson scores Reggie Jackson to second
|
Batting: RHB Toby Harrah
|
0-0: Ball 1-0: Ball 2-0: Called Strike 2-1: Ball 3-1: Swinging Strike 3-2: Foul Ball, location: 2F 3-2: Base on Balls Reggie Jackson to third Ben Oglivie to second
|
Batting: RHB Earl C Williams
|
0-0: Called Strike 0-1: Foul Ball, location: 2F 0-2: Ball 1-2: Ground out 4-3 (Groundball, 4, EV 91.9 MPH)
|
Top of the 4th over - 2 runs, 4 hits, 0 errors, 3 left on base; Oakland 2 - Baltimore 0 |
BOTTOM OF THE 4TH |
Baltimore Orioles batting - Pitching for Oakland Athletics : RHP Sammy Stewart
|
Batting: SHB Johnny Ray
|
0-0: Called Strike 0-1: Ball 1-1: Ball 2-1: SINGLE (Groundball, 4MD, EV 97.5 MPH)
|
Batting: LHB Dave Parker
|
0-0: Ball 1-0: Fly out, F5 (Popup, 5F, EV 76.9 MPH)
|
Batting: RHB Dwight Evans
|
0-0: Ball 1-0: Called Strike 1-1: Ball 2-1: Foul Ball, location: 2F 2-2: Ball Johnny Ray steals 2nd base 3-2: Base on Balls
|
Batting: LHB Fred Lynn
|
0-0: Called Strike 0-1: Swinging Strike 0-2: Ball 1-2: Ball 2-2: Foul Ball, location: 2F 2-2: Fly out, F2 (Popup, 2RF, EV 90.0 MPH)
|
Batting: SHB Steve R Ontiveros
|
0-0: Called Strike 0-1: Foul Ball, location: 2F 0-2: Ball 1-2: Foul Ball, location: 2F 1-2: Strikes out swinging
|
Bottom of the 4th over - 0 runs, 1 hit, 0 errors, 2 left on base; Oakland 2 - Baltimore 0 |
TOP OF THE 5TH |
Oakland Athletics batting - Pitching for Baltimore Orioles : RHP Kyle Monroe
|
Batting: RHB Fred Andrews
|
0-0: Ground out 4-3 (Groundball, 4M, EV 88.8 MPH)
|
Batting: RHB Willie Randolph
|
0-0: Called Strike 0-1: Ball 1-1: Foul Ball, location: 2F 1-2: Ball 2-2: Fly out, F9 (Line Drive, 9D, EV 88.8 MPH)
|
Batting: LHB Ruppert Jones
|
0-0: Called Strike 0-1: Ball 1-1: Ball 2-1: SINGLE (Line Drive, 8RS, EV 89.4 MPH)
|
Batting: RHB Dave Henderson
|
0-0: Ball 1-0: Called Strike 1-1: Ball 2-1: Called Strike 2-2: Foul Ball, location: 2F 2-2: Strikes out swinging
|
Top of the 5th over - 0 runs, 1 hit, 0 errors, 1 left on base; Oakland 2 - Baltimore 0 |
BOTTOM OF THE 5TH |
Baltimore Orioles batting - Pitching for Oakland Athletics : RHP Sammy Stewart
|
Batting: RHB Matt Rice
|
0-0: Swinging Strike 0-1: Fly out, F7 (Flyball, 7, EV 82.5 MPH)
|
Batting: RHB Dennis Werth
|
0-0: Ball 1-0: Ball 2-0: Ball 3-0: Called Strike 3-1: Foul Ball, location: 2F 3-2: Foul Ball, location: 2F 3-2: Fly out, F7 (Flyball, 7D, EV 91.3 MPH)
|
Batting: RHB Marty G Barrett
|
0-0: Ball 1-0: Ball 2-0: Ball 3-0: Called Strike 3-1: Ground out 6-3 (Groundball, 6MD, EV 83.8 MPH)
|
Bottom of the 5th over - 0 runs, 0 hits, 0 errors, 0 left on base; Oakland 2 - Baltimore 0 |
TOP OF THE 6TH |
Oakland Athletics batting - Pitching for Baltimore Orioles : RHP Kyle Monroe
|
Batting: RHB George Hendrick
|
0-0: Called Strike 0-1: Ball 1-1: Called Strike 1-2: Foul Ball, location: 2F 1-2: SINGLE (Line Drive, 9S, EV 92.5 MPH)
|
Batting: LHB Reggie Jackson
|
0-0: Ball 1-0: Fly out, F8 (Flyball, 8LXD, EV 108.8 MPH)
|
Batting: LHB Ben Oglivie
|
0-0: Ball 1-0: Grounds into double play, 4-6-3 (Groundball, 34S, EV 80.0 MPH)
|
Top of the 6th over - 0 runs, 1 hit, 0 errors, 0 left on base; Oakland 2 - Baltimore 0 |
BOTTOM OF THE 6TH |
Baltimore Orioles batting - Pitching for Oakland Athletics : RHP Sammy Stewart
|
Batting: SHB Willie McGee
|
0-0: Fly out, F8 (Flyball, 8LD, EV 88.8 MPH)
|
Batting: SHB Johnny Ray
|
0-0: Called Strike 0-1: Called Strike 0-2: Foul Ball, location: 2F 0-2: Foul Ball, location: 2F 0-2: Fly out, F9 (Flyball, 9LS, EV 81.3 MPH)
|
Batting: LHB Dave Parker
|
0-0: Ball 1-0: Foul Ball, location: 2F 1-1: Ball 2-1: Fly out, F9 (Flyball, 89M, EV 88.1 MPH)
|
Bottom of the 6th over - 0 runs, 0 hits, 0 errors, 0 left on base; Oakland 2 - Baltimore 0 |
TOP OF THE 7TH |
Oakland Athletics batting - Pitching for Baltimore Orioles : RHP Kyle Monroe
|
Batting: RHB Toby Harrah
|
0-0: Reached on error, E4 (Groundball, 4S, EV 80.6 MPH)
|
Batting: RHB Earl C Williams
|
0-0: Grounds into double play, 5-4-3 (Groundball, 56, EV 91.3 MPH)
|
Batting: RHB Fred Andrews
|
0-0: Called Strike 0-1: Ball 1-1: Ground out 4-3 (Groundball, 4, EV 89.4 MPH)
|
Top of the 7th over - 0 runs, 0 hits, 1 error, 0 left on base; Oakland 2 - Baltimore 0 |
BOTTOM OF THE 7TH |
Baltimore Orioles batting - Pitching for Oakland Athletics : RHP Sammy Stewart
|
Batting: RHB Dwight Evans
|
0-0: Called Strike 0-1: Foul Ball, location: 2F 0-2: Ball 1-2: Foul Ball, location: 2F 1-2: Ball 2-2: Strikes out swinging, 2-3 out at first.
|
Batting: LHB Fred Lynn
|
0-0: Called Strike 0-1: Foul Ball, location: 2F 0-2: Strikes out swinging
|
Batting: SHB Steve R Ontiveros
|
0-0: Ball 1-0: Called Strike 1-1: SINGLE (Groundball, 6MD, EV 101.3 MPH)
|
Batting: RHB Matt Rice
|
0-0: Called Strike 0-1: Ball 1-1: Ball 2-1: Swinging Strike 2-2: Ball 3-2: Foul Ball, location: 2F 3-2: Fly out, F9 (Line Drive, 9, EV 98.8 MPH)
|
Bottom of the 7th over - 0 runs, 1 hit, 0 errors, 1 left on base; Oakland 2 - Baltimore 0 |
TOP OF THE 8TH |
Oakland Athletics batting - Pitching for Baltimore Orioles : RHP Kyle Monroe
|
Pitching: RHP Dave Patterson
|
|
Batting: RHB Willie Randolph
|
0-0: Ball 1-0: Foul Ball, location: 2F 1-1: Ground out 6-3 (Groundball, 6, EV 83.1 MPH)
|
Batting: LHB Ruppert Jones
|
0-0: Called Strike 0-1: Swinging Strike 0-2: Foul Ball, location: 2F 0-2: SOLO HOME RUN (Flyball, 89XD, EV 96.3 MPH), Distance : 439 ft
|
Batting: RHB Dave Henderson
|
0-0: Foul Ball, location: 2F 0-1: Foul Ball, location: 2F 0-2: Ball 1-2: Ball 2-2: Ball 3-2: Ground out 5-3 (Groundball, 5, EV 86.3 MPH)
|
Batting: RHB George Hendrick
|
0-0: Called Strike 0-1: Ball 1-1: Ball 2-1: Foul Ball, location: 2F 2-2: Foul Ball, location: 2F 2-2: Foul Ball, location: 2F 2-2: Ball 3-2: Ground out 5-3 (Groundball, 5, EV 104.4 MPH)
|
Top of the 8th over - 1 run, 1 hit, 0 errors, 0 left on base; Oakland 3 - Baltimore 0 |
BOTTOM OF THE 8TH |
Baltimore Orioles batting - Pitching for Oakland Athletics : RHP Sammy Stewart
|
Batting: RHB Dennis Werth
|
0-0: Ball 1-0: Ball 2-0: Ball 3-0: Base on Balls
|
Batting: RHB Marty G Barrett
|
0-0: Called Strike 0-1: Fielders Choice at 2nd, 6-4 (Groundball, 6, EV 92.5 MPH)
|
Batting: SHB Willie McGee
|
0-0: Called Strike 0-1: Ball 1-1: Foul Ball, location: 2F 1-2: Fly out, F7 (Flyball, 7S, EV 83.8 MPH)
|
Batting: SHB Johnny Ray
|
0-0: DOUBLE (Line Drive, 8LD, EV 105.0 MPH) Marty G Barrett to third Runner from 3rd tries for Home, SAFE, no throw by CF
|
Batting: LHB Dave Parker
|
0-0: Called Strike 0-1: Ball Wild Pitch! Johnny Ray to third 1-1: SINGLE (Flyball, 34D, EV 85.6 MPH) Johnny Ray scores
|
Batting: RHB Dwight Evans
|
0-0: Ball 1-0: Foul Ball, location: 2F 1-1: Foul Ball, location: 2F 1-2: 2-RUN HOME RUN (Flyball, 78XD, EV 101.3 MPH), Distance : 439 ft
|
Batting: LHB Fred Lynn
|
0-0: Ball 1-0: Ball 2-0: Called Strike 2-1: Ground out 5-3 (Groundball, 5, EV 80.6 MPH)
|
Bottom of the 8th over - 4 runs, 3 hits, 0 errors, 0 left on base; Oakland 3 - Baltimore 4 |
TOP OF THE 9TH |
Oakland Athletics batting - Pitching for Baltimore Orioles : RHP Dave Patterson
|
Pitching: LHP Dave LaRoche
|
|
Now at 2B: Garth Iorg
|
|
Now in CF: Mark Brouhard
|
|
Batting: LHB Reggie Jackson
|
0-0: Called Strike 0-1: Ground out 4-3 (Groundball, 4M, EV 103.1 MPH)
|
Pinch Hitting: RHB Willie Darkis
|
0-0: Called Strike 0-1: Foul Ball, location: 2F 0-2: Ball 1-2: Strikes out swinging
|
Batting: RHB Toby Harrah
|
0-0: Foul Ball, location: 2F 0-1: Called Strike 0-2: SINGLE (Flyball, 8RS, EV 96.9 MPH)
|
Batting: RHB Earl C Williams
|
0-0: Ball 1-0: Ball 2-0: Ball 3-0: Base on Balls Toby Harrah to second
|
Batting: RHB Fred Andrews
|
0-0: Called Strike 0-1: Swinging Strike 0-2: Foul Ball, location: 2F 0-2: Strikes out swinging
|
Top of the 9th over - 0 runs, 1 hit, 0 errors, 2 left on base; Oakland 3 - Baltimore 4 |
|